 Dungeon Crawl Stone Soup version 0.31.0-9-g3a7656b989 (webtiles) character file.

Game seed: 3642446826288956838

75 qw the Shooter (level 3, 0/29 HPs)
             Began as a Demigod Hunter on Feb 2, 2024.
             Frozen to death by an endoplasm (2 damage)
             ... on level 2 of the Dungeon.
             The game lasted 00:00:04 (950 turns).

qw the Shooter (Demigod Hunter)                      Turns: 950, Time: 00:00:05

Health: 0/29       AC:  3    Str: 12    XL:     3   Next: 88%
Magic:  5/5        EV: 12    Int: 11    God:
Gold:   82         SH:  0    Dex: 21    Spells: 2/2 levels left

rFire   . . .        a - +0 shortbow
rCold   . . .        (shield currently unavailable)
rNeg    . . .        c - +0 leather armour
rPois   .            (no helmet)
rElec   .            (no cloak)
rCorr   .            (no gloves)
SInv    .            (no boots)
Will    .....        (no amulet)
Stlth   ++           (no ring)
HPRegen 0.24/turn    (no ring)
MPRegen 0.09/turn

%: no passive effects
@: about to teleport
A: high MP 1, forlorn, divine attributes
a: no special abilities


You were on level 2 of the Dungeon.
You visited 1 branch of the dungeon, and saw 2 of its levels.

You collected 82 gold pieces.


Innate Abilities, Weirdness & Mutations

You have an increased reservoir of magic. (+10% MP)
You shall have no god before yourself.
Your divine heritage dramatically boosts your attributes as you level up.


   Skills:
 - Level 2.0 Fighting
 + Level 5.0 Ranged Weapons
 - Level 2.0 Dodging
 - Level 0.8 Stealth


You had 2 spell levels left.
You didn't know any spells.
Your spell library was empty.

Inventory:

Hand Weapons
 a - a +0 shortbow (weapon)
Armour
 c - a +0 leather armour (worn)
Jewellery
 j - a ring of fire
 k - a ring of resist corrosion
Scrolls
 b - a scroll of enchant armour {unknown}
 h - a scroll of teleportation
 n - a scroll of revelation {unknown}
 o - a scroll of noise {unknown}
Potions
 d - a potion of degeneration {unknown}
 e - a potion of haste {unknown}
 f - a potion of magic {unknown}
 g - a potion of curing
 i - a potion of cancellation {unknown}
 l - a potion of attraction {unknown}
 m - a potion of ambrosia {unknown}

Dungeon Overview and Level Annotations

Branches:
Dungeon (2/15)

Annotations:
D:2 Terence


Message History

Your Ranged Weapons skill increases to level 5!
You start resting.
HP restored.
Terence the Incautious comes into view.
He is wielding a +0 morningstar.
Found an emerald potion.
You shoot an arrow. The arrow hits Terence.
Terence shouts!
Terence is lightly wounded.
You shoot an arrow. The arrow closely misses Terence.
An endoplasm comes into view.
You shoot an arrow. The arrow closely misses Terence.
The endoplasm quivers.
You shoot an arrow. The arrow hits Terence.
Terence is lightly wounded.
You shoot an arrow.
The arrow hits Terence but does no damage.
Terence is lightly wounded.
You shoot an arrow. The arrow hits Terence.
Terence is moderately wounded.
Terence misses you.
You shoot an arrow. The arrow barely misses Terence.
Terence hits you with a +0 morningstar. Terence misses you.
You shoot an arrow.
The arrow hits Terence but does no damage.
Terence is moderately wounded.
Terence hits you with a +0 morningstar. The endoplasm hits you.
You shoot an arrow. The arrow hits Terence!
Terence is severely wounded.
Terence hits you with a +0 morningstar. The endoplasm barely misses you.
You shoot an arrow.
The arrow hits Terence but does no damage.
Terence is severely wounded.
Terence hits you with a +0 morningstar! The endoplasm hits you.
950 ||| READING 2 scrolls of teleportation.
As you read the scroll of teleportation, it crumbles to dust.
You feel strangely unstable. Terence hits you with a +0 morningstar.
The endoplasm freezes you.
You are frozen.
You die...

####'#####
#.#
#[#######
#.......#
#######.#
#.#
#######'###
).....%...#
.......@..#
.......@J.#
..........#
..........#
..........#
..........#
..........#
.........!.


You could see Terence and an endoplasm.

Vanquished Creatures
  4 adders (D:2)
  A dart slug (D:1)
  4 endoplasms
  A giant cockroach (D:1)
  A goblin (D:2)
  3 hobgoblins
  3 quokkas (D:1)
  4 ball pythons
  5 bats
  A frilled lizard (D:1)
  5 kobolds
  7 rats
39 creatures vanquished.

Notes
Turn   | Place    | Note
-------+----------+-------------------------------------------
     0 | D:1      | qw the Demigod Hunter began the quest for the Orb.
     0 | D:1      | Reached XP level 1. HP: 17/17 MP: 3/3
     0 | D:1      | 0 ||| qw: Version: 0.3-a-155-g5e7d8dd
     0 | D:1      | 0 ||| qw: Game counter: 185
     0 | D:1      | 0 ||| qw: Melee chars always use a shield: true
     0 | D:1      | 0 ||| qw: God list: Okawaru
     0 | D:1      | 0 ||| qw: Allow faded altars: false
     0 | D:1      | 0 ||| qw: Do Orc after clearing Dungeon:15 true
     0 | D:1      | 0 ||| qw: Do second Lair branch before Depths: true
     0 | D:1      | 0 ||| qw: Lair rune preference: random
     0 | D:1      | 0 ||| qw: Goals: Normal
     0 | D:1      | 0 ||| PLANNING D:1-11
    30 | D:1      | Reached skill level 4 in Ranged Weapons
    73 | D:1      | Reached XP level 2. HP: 20/24 MP: 4/4
   422 | D:1      | 422 ||| READING 4 scrolls labelled SORCHU YNIHOICS.
   423 | D:1      | 423 ||| READING scroll labelled WIYBUOPLEI.
   427 | D:1      | 427 ||| DRINKING 2 metallic pink potions.
   428 | D:1      | 428 ||| DRINKING 2 fuming amethyst potions.
   449 | D:1      | 449 ||| DROPPING scroll of butterflies.
   450 | D:1      | 450 ||| DROPPING 3 scrolls of poison.
   451 | D:1      | 451 ||| DROPPING potion of lignification.
   460 | D:2      | 460 ||| STAIRDANCE
   570 | D:2      | Reached XP level 3. HP: 20/29 MP: 5/5
   918 | D:2      | Reached skill level 5 in Ranged Weapons
   939 | D:2      | Noticed Terence
   949 | D:2      | HP: 6/29 [endoplasm (3)]
   950 | D:2      | 950 ||| READING 2 scrolls of teleportation.
   950 | D:2      | HP: 2/29 [Terence/+0 morningstar (4)]
   950 | D:2      | Frozen to death by an endoplasm

Levels and vault maps discovered:
D:1:      spicycebolla_arrival_xxxplode, layout_rooms, feat_on_display
D:2:      layout_basic, minmay_pentomino_z4, uniq_terence

Skill      XL: |  1  2  3 |
---------------+----------+-----
Ranged Weapons | 4 5 |  5.0
Fighting       | 2 |  2.0
Dodging        | 2 |  2.0
Stealth        | |  0.8

Action                     || total
---------------------------++-------
   Fire: Shortbow          ||   128
    Use: Scroll            ||     3
         Potion            ||     2
 Armour: Leather armour    ||    36
  Dodge: Dodged            ||    35

Table legend:
 A = Non-vault XP
 B = Vault XP
 C = Vault XP percentage of total XP
 D = Non-vault monster count
 E = Vault monster count
 F = Vault count percentage of total count
                 A         B        C        D         E       F
            +---------+---------+-------+---------+---------+-------
      Total |     102 |       6 |   5.6 |      36 |       3 |   7.7
            +---------+---------+-------+---------+---------+-------
        D:1 |      28 |       2 |   6.7 |      18 |       1 |   5.3
        D:2 |      74 |       4 |   5.1 |      18 |       2 |  10.0
            +---------+---------+-------+---------+---------+-------
